 Dungeon Crawl Stone Soup version 0.27-a0-1137-g3ef0f4ec91 (webtiles) character file.

Game seed: 1016180344083437051

469 Zeld the Chucker (level 7, -13/47 HPs)
             Began as an Octopode Fighter on May 6, 2021.
             Killed from afar by an electric eel (16 damage)
             ... with a bolt of electricity
             ... on level 4 of the Dungeon.
             The game lasted 00:04:27 (4478 turns).

Zeld the Chucker (Octopode Fighter)                 Turns: 4478, Time: 00:04:28

Health: -13/47     AC:  1    Str: 18    XL:     7   Next: 9%
Magic:  7/7        EV: 11    Int: 10    God:
Gold:   32         SH:  9    Dex: 11    Spells: 6/6 levels left

rFire    . . .     SeeInvis .   a - +0 war axe
rCold    . . .     Faith    .   b - +0 kite shield
rNeg     + . .     Spirit   .   (helmet restricted)
rPois    .         Reflect  .   (no amulet)
rElec    .         Harm     .   n - ring of positive energy
rCorr    .         Rampage  .   (no ring)
Will     .....                  (no ring)
Stlth    ++........             (no ring)
HPRegen  0.15/turn              (no ring)
MPRegen  0.10/turn              (no ring)
                                (no ring)
                                (no ring)

@: no status effects
A: almost no armour, amphibious, 8 rings, camouflage 1, gelatinous body 1,
(nimble swimmer 1), tentacles
a: no special abilities


You were on level 4 of the Dungeon.
You visited 1 branch of the dungeon, and saw 4 of its levels.

You collected 131 gold pieces.
You spent 99 gold pieces at shops.

Inventory:

Hand Weapons
 a - a +0 war axe (weapon)
Missiles
 i - 24 poisoned darts (quivered)
Armour
 b - a +0 kite shield (worn)
Jewellery
 n - a ring of positive energy (left tentacle)
Wands
 o - a wand of flame (14)
Scrolls
 d - 2 scrolls of identify {unknown}
 g - a scroll of enchant weapon {unknown}
 h - a scroll of vulnerability {unknown}
 m - a scroll of acquirement {unknown}
Potions
 c - a potion of might
 e - 2 potions of heal wounds {unknown}
 f - 3 potions of flight
 j - 5 potions of curing
 k - a potion of mutation {unknown}
 l - a potion of brilliance {unknown}


   Skills:
 * Level 3.6 Fighting
 * Level 2.8 Axes
 - Level 6.0 Throwing
 - Level 3.0 Dodging
 * Level 3.6 Shields


You had 6 spell levels left.
You didn't know any spells.
Your spell library contained the following spells:

 Spells                   Type           Power      Damage    Failure   Level
 Animate Skeleton         Necr           0%         N/A       86%         1
 Pain                     Necr           0%         1d4       86%         1
 Vampiric Draining        Necr           0%         2d6       99%         3
 Animate Dead             Necr           0%         N/A       100%        4
 Agony                    Necr           0%         N/A       100%        5


Dungeon Overview and Level Annotations

Branches:
Dungeon (4/15)
 Temple: D:4-7

Altars:
Fedhas
Qazlal

Shops:
D:4 *

Annotations:
D:4 1 transporter


Innate Abilities, Weirdness & Mutations

You cannot wear most types of armour.
You are amphibious.
You can wear up to eight rings at the same time.
Your skin changes colour to match your surroundings (Stealth+).
Your rubbery body absorbs attacks. (AC +1, EV +1)
((You are camouflaged near water. (Stealth+)))
You have tentacles for arms and can constrict up to eight enemies at once.


Message History

Aim: an electric eel (heavily wounded, 48% to hit)
The puff of flame hits the electric eel.
The electric eel is severely wounded.
The electric eel is engulfed in a cloud of scalding steam.
The electric eel shoots out a bolt of lightning at you!
The bolt of electricity hits you!
Aiming: Throw Flame
Press: ? - help, Shift-Dir - straight line, f/p - electric eel
Aim: an electric eel (steam, almost dead, 48% to hit)
The puff of flame misses the electric eel.
The electric eel is engulfed in a cloud of scalding steam.
You kill the electric eel!
Training target 6.0 for Throwing reached!
Your Throwing skill increases to level 6!
You need to enable at least one skill for training.
You have reached level 7!
You start resting.
HP restored.
You start waiting.
Done waiting.
The electric eel shoots out a bolt of lightning at you!
The bolt of electricity misses you. The bolt of electricity hits you!
The bolt of electricity hits the plant!
The plant begins to die.
There is an open door here.
The electric eel shoots out a bolt of lightning at you!
The bolt of electricity hits you!
You miss the electric eel. Your grab misses the electric eel.
You slash the electric eel! You grab the electric eel.
The electric eel is severely wounded.
You constrict the electric eel.
The electric eel shoots out a bolt of lightning at you!
The bolt of electricity hits you!
The electric eel shoots out a bolt of lightning at you!
The bolt of electricity hits you!
* * * LOW HITPOINT WARNING * * *
You release your grip on the electric eel.
A nearby plant withers and dies.
The electric eel shoots out a bolt of lightning at you!
The bolt of electricity hits you!
You die...

#....###+###.#.....#
#....#≈P≈≈≈#.#....##
#....#≈≈≈≈≈#.#.####
####.#≈≈P≈≈#.#.# #####
#.#≈≈⌠≈≈#.#.#####...##
#.#≈≈≈≈≈#.#...........
#.#≈...≈#.#######...##
#.#;...≈#.# #####.
#.###@###.# #(
#.#≈...P#.# #.
#.#8.©.8#.# #.
#.#######.# ####.
#....©....# #....
####...#### #....
##.## #.... #.# #####
#.# #


You could see an electric eel.

Vanquished Creatures
  An orc warrior (D:4)
  A water moccasin skeleton (D:4)
  An electric eel (D:4)
  A bullfrog zombie (D:3)
  A jelly (D:3)
  An orc priest (D:4)
  2 hounds (D:4)
  An iguana (D:4)
  3 adders
  A dart slug (D:2)
  11 orcs
  6 bats
  6 endoplasms
  5 giant cockroaches
  5 goblins
  7 hobgoblins
  8 jackals
  4 kobolds (D:1)
  6 quokkas
  6 ball pythons
  2 frilled lizards
  A quokka skeleton (D:4)
  2 rats
82 creatures vanquished.

Vanquished Creatures (others)
  A plant (D:4)
1 creature vanquished.

Grand Total: 83 creatures vanquished

Notes
Turn   | Place    | Note
-------+----------+-------------------------------------------
     0 | D:1      | Zeld the Octopode Fighter began the quest for the Orb.
     0 | D:1      | Reached XP level 1. HP: 16/16 MP: 1/1
    26 | D:1      | Found a faded altar of an unknown god.
   110 | D:1      | Reached XP level 2. HP: 21/21 MP: 2/2
   447 | D:1      | Reached XP level 3. HP: 17/26 MP: 3/3
  1200 | D:2      | Reached skill level 1 in Throwing
  1216 | D:2      | Reached XP level 4. HP: 26/31 MP: 4/4
  1619 | D:3      | Reached skill level 2 in Throwing
  1965 | D:3      | Found a blossoming altar of Fedhas.
  2033 | D:3      | Found a stormy altar of Qazlal.
  2649 | D:4      | Reached XP level 5. HP: 36/36 MP: 5/5
  2672 | D:4      | Reached skill level 3 in Throwing
  2997 | D:4      | Reached skill level 4 in Throwing
  3143 | D:3      | Reached XP level 6. HP: 22/42 MP: 6/6
  3418 | D:4      | Found Wuderph's General Store.
  3422 | D:4      | Bought 2 potions of curing for 66 gold pieces
  3422 | D:4      | Bought a potion of flight for 33 gold pieces
  3430 | D:4      | Noticed an orc warrior
  3598 | D:4      | Reached skill level 5 in Throwing
  3710 | D:4      | Killed an orc warrior
  4084 | D:4      | Found a transporter.
  4101 | D:4      | Found a transporter.
  4321 | D:4      | Reached skill level 6 in Throwing
  4321 | D:4      | Reached XP level 7. HP: 39/47 MP: 7/7
  4478 | D:4      | Killed from afar by an electric eel

Illustrated notes

Levels and vault maps discovered:
D:1:      minmay_arrival_nine_rooms, layout_rooms, basic_ecumenical_altar,
          amcnicky_mini_pool_small
D:2:      layout_basic
D:3:      layout_basic, grunt_temple_overflow_forces_of_nature
D:4:      gammafunk_steamed_eel, layout_basic, serial_shops,
          nicolae_shop_behind_doors, grunt_ministairs_10

Skill      XL: |  1  2  3  4  5  6 |
---------------+-------------------+-----
Throwing       | 1 2 4 6 |  6.0
Fighting       | |  3.6
Axes           | |  2.8
Dodging        | |  3.0
Shields        | |  3.6

Action                   |  1- 3 |  4- 6 |  7- 9 || total
-------------------------+-------+-------+-------++-------
Melee: War axe           |    61 |    83 |     2 ||   146
       Constrict         |    16 |    21 |     1 ||    38
       Tentacles         |    14 |    18 |       ||    32
Throw: Dart              |       |     5 |       ||     5
Evoke: Wand              |       |     3 |       ||     3
 Stab: Sleeping          |     4 |     4 |       ||     8
Armor: Skin              |     8 |    11 |       ||    19
Dodge: Dodged            |    35 |    34 |     1 ||    70
Block: Kite shield       |    43 |    36 |       ||    79

Table legend: (Time is in decaauts)
 A = Elapsed time spent in this place.
 B = Non-inter-level travel time spent in this place.
 C = Inter-level travel time spent in this place.
 D = Time resting spent in this place.
 E = Time spent auto-exploring this place.
 F = Levels seen in this place.
 G = Mean time per level.
                   A        B        C        D        E       F      G
               +--------+--------+--------+--------+--------+-----+--------+
         Total |   4566 |   4417 |    149 |    599 |   3130 |   4 | 1141.5 |
       Dungeon |   4566 |   4417 |    149 |    599 |   3130 |   4 | 1141.5 |
               +--------+--------+--------+--------+--------+-----+--------+

Top non-repeatable levels by time:
     D:4: 1684 daAuts
     D:3: 1303 daAuts
     D:2: 856 daAuts
     D:1: 722 daAuts
